[Event "RUS-chT Men Rapid 2019"]
[Site "Sochi"]
[Date "2019.10.19"]
[Round "6.19"]
[White "Nechaev, Oleg"]
[Black "Faizrakhmanov, Ramil"]
[Result "0-1"]
[ECO "A13"]
[WhiteElo "2371"]
[BlackElo "2434"]
[Annotator "NA RC"]
[PlyCount "106"]
[EventDate "2019.10.18"]
[EventType "swiss"]
[EventCountry "RUS"]
[SourceTitle "playchess.com"]
[Source "ChessBase"]
[SourceQuality "1"]
[TimeControl "900+10"]

1. c4 Nf6 2. g3 e6 3. Bg2 d5 4. Nf3 dxc4 5. Na3 Bxa3 6. bxa3 O-O 7. Qc2 a6 8. Qxc4 b5 9. Qc2 Bb7 10. Bb2 Nbd7 11. O-O c5 12. d3 Rc8 13. Rad1 h6 14. Rfe1 Qe7 15. Qc3 Nb6 16. Qa5 Na4 17. Ba1 Rfd8 18. e4 Qc7 19. Qxc7 Rxc7 20. Ne5 Nd7 21. Bf1 Nxe5 22. Bxe5 Rcd7 23. Rc1 f6 24. Ba1 Kf7 25. Rc2 Rxd3 26. Bxd3 Rxd3 27. Bb2 c4 28. Bc1 Nc3 29. Rd2 Bxe4 30. Rxd3 Bxd3 31. Bd2 Ne2+ 32. Kg2 Nd4 33. Bb4 e5 34. f3 h5 35. Kf2 Ke6 36. h3 Kd5 37. Bf8 Ne6 38. Bb4 Ng5 39. h4 Ne6 40. Ke3 Nd4 41. Kf2 Nc2 42. Rg1 Nxb4 43. axb4 Kd4 44. g4 c3 45. gxh5 c2 46. Rc1 f5 47. Rg1 e4 48. f4 Kc3 49. Ke3 Kb2 50. Kd2 Bc4 51. Re1 Bf7 52. a3 Bxh5 53. Rg1 Bd1 0-1

[Event "RUS-chT Men Rapid 2019"]
[Site "Sochi"]
[Date "2019.10.19"]
[Round "6.20"]
[White "Samusenko, Maksim"]
[Black "Nuristani, Iman"]
[Result "1-0"]
[ECO "A45"]
[WhiteElo "2445"]
[BlackElo "2171"]
[Annotator "NA"]
[PlyCount "79"]
[EventDate "2019.10.18"]
[EventType "swiss"]
[EventCountry "RUS"]
[SourceTitle "playchess.com"]
[Source "ChessBase"]
[SourceQuality "1"]
[TimeControl "900+10"]

1. d4 Nf6 2. Nc3 d5 3. Bf4 e6 4. e3 Bd6 5. Nf3 Bxf4 6. exf4 a6 7. Bd3 Qd6 8. Qd2 Nbd7 9. O-O O-O 10. Rfe1 c5 11. dxc5 Nxc5 12. Rad1 Nxd3 13. cxd3 b6 14. Ne2 Bb7 15. Ned4 Nd7 16. Ne5 Rfe8 17. Rc1 Rac8 18. h4 Rxc1 19. Qxc1 Nf8 20. Qd2 f6 21. Nef3 Bc8 22. Nc2 Bd7 23. d4 Rc8 24. g3 Be8 25. Ne3 Bh5 26. Kg2 Bxf3+ 27. Kxf3 Ng6 28. h5 Ne7 29. h6 g6 30. Kg2 Nf5 31. Nxf5 exf5 32. Qe2 Kf7 33. Qxa6 Qc7 34. Re3 Rb8 35. Qb5 Qd6 36. Ra3 Rb7 37. Ra8 Qe6 38. Rh8 Qe4+ 39. Kh2 Ke6 40. Qc6+ 1-0

[Event "RUS-chT Men Rapid 2019"]
[Site "Sochi"]
[Date "2019.10.19"]
[Round "6.21"]
[White "Yudin, Sergei"]
[Black "Shcherbin, Matvei"]
[Result "1-0"]
[ECO "B40"]
[WhiteElo "2497"]
[BlackElo "2366"]
[Annotator "ChessBase"]
[PlyCount "81"]
[EventDate "2019.10.18"]
[EventType "swiss"]
[EventCountry "RUS"]
[SourceTitle "playchess.com"]
[Source "ChessBase"]
[SourceQuality "1"]
[TimeControl "900+10"]

1. e4 c5 2. Nf3 e6 3. c3 d5 4. exd5 Qxd5 5. Na3 Nf6 6. d4 cxd4 7. Nb5 Na6 8. Qxd4 Bc5 9. Qxd5 Nxd5 10. Bc4 Nb6 11. Be2 O-O 12. O-O f6 13. a4 e5 14. Nd2 Be6 15. Bf3 Bd5 16. Bxd5+ Nxd5 17. Ne4 Rfd8 18. c4 Ndb4 19. Nxc5 Nxc5 20. Be3 Ncd3 21. b3 a6 22. Nc3 f5 23. Rad1 Nb2 24. Rb1 N2d3 25. Rfd1 e4 26. f3 exf3 27. gxf3 Re8 28. Bb6 Re6 29. a5 Rae8 30. Nd5 Re2 31. Nxb4 Nxb4 32. Rd7 R8e7 33. Rxe7 Rxe7 34. Bc5 Nc6 35. Bxe7 Nxe7 36. b4 Nc6 37. b5 Nxa5 38. c5 Kf7 39. c6 bxc6 40. bxa6 Nc4 41. a7 1-0

[Event "RUS-chT Men Rapid 2019"]
[Site "Sochi"]
[Date "2019.10.19"]
[Round "6.22"]
[White "Eraschenkov, Denis"]
[Black "Khegay, Dmitriy"]
[Result "0-1"]
[ECO "A06"]
[WhiteElo "2382"]
[BlackElo "2509"]
[Annotator "ChessBase"]
[PlyCount "122"]
[EventDate "2019.10.18"]
[EventType "swiss"]
[EventCountry "RUS"]
[SourceTitle "playchess.com"]
[Source "ChessBase"]
[SourceQuality "1"]
[TimeControl "900+10"]

1. Nf3 d5 2. c4 c6 3. e3 e6 4. b3 f5 5. Bb2 Nf6 6. g3 Bd6 7. Bg2 O-O 8. O-O Nbd7 9. Nd4 Qe7 10. cxd5 Nxd5 11. d3 Nc7 12. Nd2 e5 13. N4f3 Nb6 14. e4 f4 15. d4 exd4 16. Nxd4 Be5 17. Qc2 Bg4 18. h3 Rad8 19. Nxc6 bxc6 20. Bxe5 Qxe5 21. hxg4 fxg3 22. Nc4 Qf4 23. fxg3 Qxg3 24. Rxf8+ Rxf8 25. Rf1 Rxf1+ 26. Kxf1 Qf4+ 27. Kg1 Nd7 28. Qd1 Nf8 29. e5 c5 30. Qf3 Qxf3 31. Bxf3 Kf7 32. Kf2 Ke6 33. Ke3 Nd7 34. Be4 g6 35. Kf4 Nb5 36. g5 Nc3 37. Bf3 Nxa2 38. Bg4+ Ke7 39. Nd6 Nb6 40. Ne4 c4 41. bxc4 Nxc4 42. Nf6 Nb4 43. Be2 Nb6 44. Nxh7 a5 45. Bd1 N4d5+ 46. Kf3 a4 47. Nf6 a3 48. Bb3 Nb4 49. Ne4 Nd7 50. e6 Nf8 51. Nc3 Nxe6 52. Kg4 Nd4 53. Bc4 Kd6 54. Bf7 Ke5 55. Bg8 Ne6 56. Bf7 Nf4 57. Bg8 Nfd5 58. Bxd5 Nxd5 59. Na2 Ke4 60. Kg3 Kd3 61. Kf3 Kc2 0-1

[Event "RUS-chT Men Rapid 2019"]
[Site "Sochi"]
[Date "2019.10.19"]
[Round "6.23"]
[White "Pogromsky, Mikhail"]
[Black "Keosidi, Konstantin"]
[Result "1/2-1/2"]
[ECO "D30"]
[WhiteElo "2411"]
[BlackElo "2400"]
[Annotator "NA"]
[PlyCount "114"]
[EventDate "2019.10.18"]
[EventType "swiss"]
[EventCountry "RUS"]
[SourceTitle "playchess.com"]
[Source "ChessBase"]
[SourceQuality "1"]
[TimeControl "900+10"]

1. d4 d5 2. c4 e6 3. Nf3 dxc4 4. e3 c5 5. Bxc4 cxd4 6. Nxd4 Nf6 7. O-O a6 8. Nc3 b5 9. Be2 Bb7 10. Bf3 Nd5 11. a4 b4 12. Nxd5 Bxd5 13. e4 Bb7 14. Nb3 Nc6 15. e5 Qc7 16. Bf4 Be7 17. Rc1 Rc8 18. Nd4 Qd7 19. Nxc6 Bxc6 20. Rxc6 Rxc6 21. Bxc6 Qxc6 22. Qg4 g5 23. Be3 Qxa4 24. h4 h6 25. Rc1 Qd7 26. Qc4 O-O 27. hxg5 hxg5 28. Qg4 Qd3 29. Rc7 Qb1+ 30. Kh2 Bd8 31. Rc4 Qf5 32. Qxf5 exf5 33. Rxb4 Bc7 34. f4 gxf4 35. Bxf4 f6 36. exf6 Bxf4+ 37. Rxf4 Rxf6 38. Rb4 Kf7 39. Kg3 Kg6 40. Kf3 Kg5 41. Rb8 Rc6 42. Rg8+ Kf6 43. Rh8 Ke5 44. Re8+ Kf6 45. Re2 Rb6 46. Rc2 Ke5 47. Rc5+ Kf6 48. Rc2 Ke5 49. Re2+ Kf6 50. Kf2 Rb3 51. Ke1 f4 52. Rc2 Kf5 53. Kf2 Kg4 54. Rd2 a5 55. Rc2 a4 56. Rd2 a3 57. bxa3 Rxa3 1/2-1/2

[Event "RUS-chT Men Rapid 2019"]
[Site "Sochi"]
[Date "2019.10.19"]
[Round "6.24"]
[White "Dianov, Alexey"]
[Black "Ozgibcev, Anatoly"]
[Result "1-0"]
[ECO "C47"]
[WhiteElo "2158"]
[BlackElo "2367"]
[Annotator "NA"]
[PlyCount "113"]
[EventDate "2019.10.18"]
[EventType "swiss"]
[EventCountry "RUS"]
[SourceTitle "playchess.com"]
[Source "ChessBase"]
[SourceQuality "1"]
[TimeControl "900+10"]

1. e4 e5 2. Nf3 Nc6 3. Nc3 Nf6 4. d4 Bb4 5. Nxe5 Nxe4 6. Qg4 Nxc3 7. Qxg7 Rf8 8. a3 Ba5 9. Nxc6 dxc6 10. Qe5+ Qe7 11. Qxe7+ Kxe7 12. Bd2 Bf5 13. Bxc3 Bxc3+ 14. bxc3 Bxc2 15. Kd2 Bg6 16. h4 Kd6 17. Re1 Rae8 18. Bc4 Rxe1 19. Rxe1 c5 20. g4 h6 21. f4 cxd4 22. cxd4 Bh7 23. Re5 Rg8 24. Be2 Bg6 25. f5 Bh7 26. Ke3 Rf8 27. f6 Bg6 28. Re7 a6 29. h5 Bh7 30. Bc4 Bg8 31. Kf4 b5 32. Bb3 c5 33. dxc5+ Kxc5 34. g5 hxg5+ 35. Kxg5 a5 36. Re5+ Kb6 37. Kh6 Rc8 38. Re3 a4 39. Ba2 Rc2 40. Kg7 Rxa2 41. Kxg8 Rh2 42. Kxf7 Rxh5 43. Kg6 Rh8 44. Kg7 Rh1 45. Re6+ Kc5 46. f7 Rf1 47. Rf6 Rg1+ 48. Rg6 Rf1 49. Rg4 b4 50. Rxb4 Rg1+ 51. Kf8 Kd6 52. Rxa4 Kd7 53. Rd4+ Kc7 54. Ke7 Re1+ 55. Kf6 Rf1+ 56. Ke6 Rf3 57. Rd5 1-0

[Event "RUS-chT Men Rapid 2019"]
[Site "Sochi"]
[Date "2019.10.19"]
[Round "6.25"]
[White "Zakaryan, David"]
[Black "Nozdrachev, Vladislav"]
[Result "0-1"]
[ECO "E15"]
[WhiteElo "2338"]
[BlackElo "2494"]
[Annotator "ChessBase"]
[PlyCount "99"]
[EventDate "2019.10.18"]
[EventType "swiss"]
[EventCountry "RUS"]
[SourceTitle "playchess.com"]
[Source "ChessBase"]
[SourceQuality "1"]
[TimeControl "900+10"]

1. d4 Nf6 2. c4 e6 3. Nf3 b6 4. g3 Ba6 5. Nbd2 d5 6. Bg2 Bd6 7. O-O O-O 8. Re1 Nbd7 9. Qc2 c5 10. e4 dxe4 11. Nxe4 Nxe4 12. Rxe4 Nf6 13. Rh4 Rc8 14. Ne5 cxd4 15. Nc6 Rxc6 16. Bxc6 e5 17. Bg5 h6 18. Bxf6 Qxf6 19. Bd5 Bc8 20. Qe2 g5 21. Re4 Bf5 22. Qf3 Kg7 23. Ree1 g4 24. Qd1 Bb4 25. Rf1 e4 26. a3 Bd6 27. b4 d3 28. Re1 Re8 29. Ra2 a5 30. bxa5 bxa5 31. Rd2 Qc3 32. Re3 Re7 33. Bxe4 Bxe4 34. Qxg4+ Kf8 35. Rxe4 Rxe4 36. Qxe4 Qxd2 37. Qd4 Qc1+ 38. Kg2 Qxa3 39. Qh8+ Ke7 40. Qxh6 Qc5 41. Qh4+ Kd7 42. Qg4+ Kc7 43. h4 d2 44. h5 Qc6+ 45. Kh2 Qa4 46. Qd4 d1=Q 47. Qa7+ Kd8 48. Qa8+ Kd7 49. Qa7+ Bc7 50. Qc5 0-1

[Event "RUS-chT Men Rapid 2019"]
[Site "Sochi"]
[Date "2019.10.19"]
[Round "6.26"]
[White "Vakhlamov, Igor L."]
[Black "Nazaretyan, Tigran"]
[Result "0-1"]
[ECO "B31"]
[WhiteElo "2413"]
[BlackElo "2297"]
[Annotator "NA"]
[PlyCount "92"]
[EventDate "2019.10.18"]
[EventType "swiss"]
[EventCountry "RUS"]
[SourceTitle "playchess.com"]
[Source "ChessBase"]
[SourceQuality "1"]
[TimeControl "900+10"]

1. e4 c5 2. Nf3 Nc6 3. Bb5 g6 4. Bxc6 dxc6 5. d3 Bg7 6. h3 Nf6 7. Nc3 Nd7 8. Be3 e5 9. Qd2 h6 10. O-O Qe7 11. Nh2 Nf8 12. f4 exf4 13. Bxf4 Ne6 14. Bg3 h5 15. Rae1 h4 16. Bf2 Nd4 17. Nd5 Qd6 18. Ne3 Be6 19. c3 Nb5 20. Nf5 gxf5 21. exf5 O-O-O 22. fxe6 fxe6 23. Qg5 Bf8 24. Bxh4 Bh6 25. Qe5 Qxe5 26. Rxe5 Rxd3 27. Rxe6 Rd2 28. Ng4 Bg7 29. Rf7 Bxc3 30. bxc3 Rxh4 31. c4 Nd6 32. Rg7 Nxc4 33. Re8+ Rd8 34. Ree7 Nd6 35. Ne5 Rb4 36. Nd3 Rb1+ 37. Kh2 Nf5 38. Rc7+ Kb8 39. Rgd7 Rxd7 40. Rxd7 c4 41. Nc5 c3 42. Ne6 a5 43. Rd8+ Ka7 44. Nc5 c2 45. Nd3 Rd1 46. g4 Rxd3 0-1

[Event "RUS-chT Men Rapid 2019"]
[Site "Sochi"]
[Date "2019.10.19"]
[Round "6.27"]
[White "Ivlev, Aleksey"]
[Black "Tsoi, Dmitry"]
[Result "1/2-1/2"]
[ECO "B07"]
[WhiteElo "2292"]
[BlackElo "2329"]
[Annotator "NA"]
[PlyCount "206"]
[EventDate "2019.10.18"]
[EventType "swiss"]
[EventCountry "RUS"]
[SourceTitle "playchess.com"]
[Source "ChessBase"]
[SourceQuality "1"]
[TimeControl "900+10"]

1. e4 d6 2. d4 Nf6 3. Nc3 e5 4. Nge2 Be7 5. g3 O-O 6. Bg2 c6 7. O-O b5 8. a3 Nbd7 9. h3 Bb7 10. Be3 a5 11. g4 b4 12. dxe5 dxe5 13. Na4 c5 14. Ng3 Bc6 15. c3 b3 16. Qxb3 Rb8 17. Qc2 c4 18. Rad1 h6 19. Nc5 Bxc5 20. Bxc5 Nxc5 21. Rxd8 Rfxd8 22. Nf5 Ba4 23. Qc1 Nd3 24. Qe3 Nh7 25. Qa7 Ng5 26. Qxa5 Be8 27. Qc7 Bb5 28. Nd6 Be8 29. Nxe8 Rbc8 30. Qb6 Rxe8 31. Rb1 Ne6 32. b4 cxb3 33. Qxb3 Nef4 34. Bf1 Nc5 35. Qc2 Nce6 36. Qd2 Red8 37. Qe3 Ra8 38. Ra1 Ra4 39. Bb5 Ra5 40. a4 Ng5 41. h4 Nge6 42. Qe1 Ng6 43. f3 Ngf4 44. Rd1 Rda8 45. Qe3 Rxa4 46. Bxa4 Rxa4 47. Rd2 Rc4 48. Rb2 Kh7 49. Kh2 Ng6 50. Kg3 Ra4 51. Rc2 Rc4 52. Qd3 Rc5 53. Qd6 Ngf4 54. c4 f6 55. Kf2 Rc8 56. Kg3 Nd4 57. Qxd4 Ne2+ 58. Rxe2 exd4 59. Rc2 d3 60. Rd2 Rxc4 61. Rxd3 g5 62. Rd7+ Kg8 63. hxg5 hxg5 64. Kf2 Kf8 65. Ke3 Rc3+ 66. Rd3 Rc4 67. e5 fxe5 68. Rd5 Kf7 69. Rxe5 Kf6 70. Ra5 Rb4 71. Ra6+ Kf7 72. Rd6 Ra4 73. Rd4 Ra3+ 74. Ke4 Kf6 75. Rd6+ Kg7 76. Rd3 Ra5 77. Rd5 Ra4+ 78. Ke3 Kg6 79. Rb5 Ra3+ 80. Kf2 Ra2+ 81. Kg3 Rc2 82. Rb6+ Kg7 83. Re6 Ra2 84. Re1 Kf6 85. Rh1 Rb2 86. Rh2 Rb3 87. Re2 Ra3 88. Kf2 Rb3 89. Rd2 Ra3 90. Ke2 Rb3 91. Rd3 Rb4 92. Ke3 Ra4 93. Rd6+ Kg7 94. Rd4 Ra3+ 95. Ke4 Kg6 96. Rd6+ Kg7 97. Rd3 Ra5 98. Rd5 Ra4+ 99. Kf5 Rf4+ 100. Kxg5 Rxf3 101. Rd7+ Kg8 102. Kh6 Rf6+ 103. Kh5 Rb6 1/2-1/2

[Event "RUS-chT Men Rapid 2019"]
[Site "Sochi"]
[Date "2019.10.19"]
[Round "6.28"]
[White "Frolov, Aleksey G."]
[Black "Tenikashvili, Georgij"]
[Result "1-0"]
[ECO "B12"]
[WhiteElo "2093"]
[BlackElo "2337"]
[Annotator "NA"]
[PlyCount "100"]
[EventDate "2019.10.18"]
[EventType "swiss"]
[EventCountry "RUS"]
[SourceTitle "playchess.com"]
[Source "ChessBase"]
[SourceQuality "1"]
[TimeControl "900+10"]

1. e4 c6 2. d4 d5 3. e5 Bf5 4. Nd2 e6 5. Nb3 Nd7 6. Nf3 h6 7. Be2 Ne7 8. O-O Ng6 9. Ne1 Ne7 10. g4 Bh7 11. f4 Qc7 12. Bd3 Bxd3 13. Nxd3 O-O-O 14. f5 b6 15. fxe6 fxe6 16. Nf4 Re8 17. Nxe6 Qb7 18. Qe2 g5 19. Bd2 Ng6 20. Nxf8 Rhxf8 21. c4 c5 22. Rxf8 Rxf8 23. e6 Nf6 24. Rf1 dxc4 25. Nc1 Ne4 26. Rf5 Re8 27. d5 Nd6 28. Rf6 Nh4 29. Qe5 Qc7 30. Be1 Nb5 31. Qe4 Qg7 32. Rf7 Qd4+ 33. Qxd4 cxd4 34. Ne2 d3 35. Nc3 Nd6 36. Rd7 Nf3+ 37. Kf2 Nxe1 38. Kxe1 Nb7 39. Nb5 Rg8 40. Nxa7+ Kb8 41. Nc6+ Ka8 42. e7 Re8 43. Kd2 b5 44. d6 Rc8 45. Rxb7 Kxb7 46. d7 Rxc6 47. d8=Q b4 48. Qd7+ Kb6 49. e8=Q c3+ 50. bxc3 bxc3+ 1-0

[Event "RUS-chT Men Rapid 2019"]
[Site "Sochi"]
[Date "2019.10.19"]
[Round "7.1"]
[White "Ponkratov, Pavel"]
[Black "Grachev, Boris"]
[Result "0-1"]
[ECO "B46"]
[WhiteElo "2621"]
[BlackElo "2621"]
[Annotator "ChessBase"]
[PlyCount "54"]
[EventDate "2019.10.18"]
[EventType "swiss"]
[EventCountry "RUS"]
[SourceTitle "playchess.com"]
[Source "ChessBase"]
[SourceQuality "1"]
[TimeControl "900+10"]

1. e4 c5 2. Nf3 e6 3. d4 cxd4 4. Nxd4 Nc6 5. Nc3 a6 6. Bf4 d6 7. Nxc6 bxc6 8. Qd2 Be7 9. O-O-O e5 10. Bg3 Nf6 11. Bc4 O-O 12. Kb1 Be6 13. Bb3 Nd7 14. f4 exf4 15. Bxf4 Ne5 16. Ne2 c5 17. Bxe6 fxe6 18. Bxe5 dxe5 19. Qe3 Qe8 20. Rhf1 Rxf1 21. Rxf1 Rd8 22. Ng1 Qb5 23. Re1 c4 24. Nf3 c3 25. Qxc3 Bb4 26. Qc7 Ba5 27. c4 Qa4 0-1

[Event "RUS-chT Men Rapid 2019"]
[Site "Sochi"]
[Date "2019.10.19"]
[Round "7.2"]
[White "Potkin, Vladimir"]
[Black "Lysyj, Igor"]
[Result "1/2-1/2"]
[ECO "C67"]
[WhiteElo "2583"]
[BlackElo "2596"]
[Annotator "ChessBase"]
[PlyCount "25"]
[EventDate "2019.10.18"]
[EventType "swiss"]
[EventCountry "RUS"]
[SourceTitle "playchess.com"]
[Source "ChessBase"]
[SourceQuality "1"]
[TimeControl "900+10"]

1. e4 e5 2. Nf3 Nc6 3. Bb5 Nf6 4. O-O Nxe4 5. Re1 Nd6 6. Nxe5 Be7 7. Bf1 Nxe5 8. Rxe5 O-O 9. d4 Ne8 10. d5 Bc5 11. Re1 d6 12. Nc3 Bf5 13. Bd3 1/2-1/2

[Event "RUS-chT Men Rapid 2019"]
[Site "Sochi"]
[Date "2019.10.19"]
[Round "7.3"]
[White "Gutenev, Alexander"]
[Black "Savchenko, Boris"]
[Result "1/2-1/2"]
[ECO "B36"]
[WhiteElo "2469"]
[BlackElo "2581"]
[Annotator "ChessBase"]
[PlyCount "145"]
[EventDate "2019.10.18"]
[EventType "swiss"]
[EventCountry "RUS"]
[SourceTitle "playchess.com"]
[Source "ChessBase"]
[SourceQuality "1"]
[TimeControl "900+10"]

1. e4 c5 2. Nf3 Nc6 3. d4 cxd4 4. Nxd4 g6 5. c4 Nf6 6. Nc3 d6 7. Be2 Bg7 8. Be3 O-O 9. O-O Bd7 10. Rc1 Nxd4 11. Bxd4 Bc6 12. f3 a5 13. b3 Nd7 14. Be3 Be5 15. Qd2 Nc5 16. Rfd1 e6 17. Bf1 Qe7 18. Nb5 b6 19. Bh6 Rfd8 20. Bg5 f6 21. Be3 f5 22. exf5 gxf5 23. Bg5 Bf6 24. Bxf6 Qxf6 25. Qe3 f4 26. Qc3 e5 27. Nc7 Rab8 28. a3 Qg7 29. Nb5 Qg6 30. b4 axb4 31. axb4 Ne6 32. Qd3 e4 33. fxe4 Bxe4 34. Qd2 d5 35. cxd5 Rxd5 36. Qa2 Rbd8 37. Nc3 Rxd1 38. Rxd1 Rxd1 39. Nxd1 Kf8 40. Nc3 Bc6 41. Qd2 Kg7 42. Nd5 Bxd5 43. Qxd5 Qf6 44. Qb7+ Kh6 45. Qxb6 Qe5 46. Qf2 Nd4 47. b5 Nxb5 48. Bxb5 Qxb5 49. Qxf4+ Kg6 50. Qe4+ Kg7 51. h4 Qc5+ 52. Kh2 Qd6+ 53. Kh3 h5 54. Qf5 Qg6 55. Qg5 Kf7 56. Qf4+ Kg7 57. Qe5+ Kf7 58. Kh2 Qg4 59. g3 Qg6 60. Qd5+ Kg7 61. Kg2 Kh6 62. Qd2+ Kh7 63. Qd4 Qf5 64. Qf4 Kg6 65. Kf2 Qc2+ 66. Kf3 Qd1+ 67. Kg2 Qc2+ 68. Kh3 Qf5+ 69. Kg2 Qc2+ 70. Qf2 Qxf2+ 71. Kxf2 Kf5 72. Kf3 Ke5 73. g4 1/2-1/2

[Event "RUS-chT Men Rapid 2019"]
[Site "Sochi"]
[Date "2019.10.19"]
[Round "7.4"]
[White "Popov, Ivan"]
[Black "Remizov, Yaroslav"]
[Result "1-0"]
[ECO "B15"]
[WhiteElo "2611"]
[BlackElo "2394"]
[Annotator "ChessBase"]
[PlyCount "121"]
[EventDate "2019.10.18"]
[EventType "swiss"]
[EventCountry "RUS"]
[SourceTitle "playchess.com"]
[Source "ChessBase"]
[SourceQuality "1"]
[TimeControl "900+10"]

1. e4 c6 2. d4 d5 3. Nc3 dxe4 4. Nxe4 Nf6 5. Nxf6+ exf6 6. c3 Bd6 7. Bd3 O-O 8. Qc2 Re8+ 9. Ne2 h5 10. O-O h4 11. h3 Nd7 12. Bf4 Nf8 13. Qd2 Ng6 14. Bxd6 Qxd6 15. Rfe1 Be6 16. a3 Rad8 17. b4 Bd5 18. f3 Re7 19. Bxg6 fxg6 20. Nf4 Rxe1+ 21. Rxe1 g5 22. Nd3 b6 23. Nf2 Kf7 24. Qe2 Qe6 25. Ne4 Rd7 26. Qd2 Qf5 27. Qe3 Kg6 28. Nd2 Rd8 29. Qe7 Qd7 30. Kf2 Qxe7 31. Rxe7 Ra8 32. c4 Bf7 33. Rc7 Be8 34. c5 bxc5 35. bxc5 a5 36. Nc4 Bf7 37. Nb6 Rd8 38. Ke3 Re8+ 39. Kd2 Re6 40. Nc8 Be8 41. Nd6 g4 42. fxg4 Kg5 43. Rxg7+ Kf4 44. Nf5 Re4 45. Kd3 Re1 46. Nxh4 Re3+ 47. Kd2 a4 48. Ra7 Rxa3 49. Re7 Ra2+ 50. Kc3 Ra3+ 51. Kd2 Ra2+ 52. Kc1 a3 53. Rxe8 Ra1+ 54. Kc2 Kg3 55. Ng6 Kxg2 56. Re3 Kf2 57. Rc3 Kg1 58. Kb3 a2 59. Kb2 Rd1 60. Kxa2 Rxd4 61. Ne7 1-0

[Event "RUS-chT Men Rapid 2019"]
[Site "Sochi"]
[Date "2019.10.19"]
[Round "7.5"]
[White "Pridorozhni, Aleksei"]
[Black "Bocharov, Dmitry"]
[Result "1/2-1/2"]
[ECO "B40"]
[WhiteElo "2599"]
[BlackElo "2519"]
[Annotator "ChessBase"]
[PlyCount "85"]
[EventDate "2019.10.18"]
[EventType "swiss"]
[EventCountry "RUS"]
[SourceTitle "playchess.com"]
[Source "ChessBase"]
[SourceQuality "1"]
[TimeControl "900+10"]

1. e4 c5 2. Nf3 e6 3. g3 Nc6 4. Bg2 Nf6 5. Qe2 e5 6. O-O Be7 7. c3 O-O 8. Na3 Re8 9. Nc4 Bf8 10. d3 h6 11. a4 d6 12. Nh4 Be6 13. Ne3 d5 14. Nef5 Kh7 15. Ne3 d4 16. Nc4 Nd7 17. Bd2 Nb6 18. Nxb6 axb6 19. c4 g6 20. Qe1 Be7 21. Nf3 Qd7 22. Qc1 g5 23. h4 f6 24. Kh2 Rh8 25. Ng1 Rag8 26. Bh3 gxh4 27. Qd1 Bg4 28. Bxg4 Rxg4 29. Qf3 Rhg8 30. Ne2 f5 31. Qxf5+ Qxf5 32. exf5 e4 33. dxe4 Rxe4 34. Nf4 hxg3+ 35. fxg3 Ne5 36. b3 Bd6 37. Kh3 Nd3 38. Nh5 Rf8 39. Rf3 Ne5 40. Rf2 Nd3 41. Rf3 Ne5 42. Rf2 Nd3 43. Rf3 1/2-1/2

[Event "RUS-chT Men Rapid 2019"]
[Site "Sochi"]
[Date "2019.10.19"]
[Round "7.6"]
[White "Yuffa, Daniil"]
[Black "Potapov, Pavel"]
[Result "1-0"]
[ECO "A80"]
[WhiteElo "2577"]
[BlackElo "2489"]
[Annotator "ChessBase"]
[PlyCount "63"]
[EventDate "2019.10.18"]
[EventType "swiss"]
[EventCountry "RUS"]
[SourceTitle "playchess.com"]
[Source "ChessBase"]
[SourceQuality "1"]
[TimeControl "900+10"]

1. d4 f5 2. Bg5 h6 3. Bh4 g5 4. e3 Nf6 5. Bg3 d6 6. Nc3 c6 7. h4 Rg8 8. hxg5 hxg5 9. Bc4 e6 10. f3 Qe7 11. e4 d5 12. Bd3 f4 13. Bf2 b6 14. Qe2 a5 15. O-O-O Na6 16. g3 Nb4 17. gxf4 gxf4 18. Bh4 Qf7 19. Nh3 Nxd3+ 20. cxd3 Bb4 21. Na4 dxe4 22. dxe4 Ba6 23. Qc2 Bb5 24. Nxb6 Rb8 25. Nc4 e5 26. Bxf6 Bxc4 27. dxe5 Bc5 28. Ng5 Be3+ 29. Kb1 Bxa2+ 30. Ka1 Qc4 31. Rh7 Bc5 32. Qd2 1-0

[Event "RUS-chT Men Rapid 2019"]
[Site "Sochi"]
[Date "2019.10.19"]
[Round "7.7"]
[White "Belyakov, Bogdan"]
[Black "Morozevich, Alexander"]
[Result "1-0"]
[ECO "C11"]
[WhiteElo "2495"]
[BlackElo "2659"]
[Annotator "RC"]
[PlyCount "131"]
[EventDate "2019.10.18"]
[EventType "swiss"]
[EventCountry "RUS"]
[SourceTitle "playchess.com"]
[Source "ChessBase"]
[SourceQuality "1"]
[TimeControl "900+10"]

1. e4 e6 2. d4 d5 3. Nc3 Nf6 4. Bg5 dxe4 5. Nxe4 Be7 6. Bxf6 gxf6 7. Nf3 a6 8. g3 b5 9. Bg2 Bb7 10. Nc3 c5 11. O-O cxd4 12. Qxd4 Qxd4 13. Nxd4 Bxg2 14. Kxg2 Nd7 15. Nce2 Nb6 16. Rfd1 Rc8 17. c3 Rg8 18. Nf3 Bf8 19. Rd4 Na4 20. Rb1 e5 21. Rdd1 Ke7 22. Nh4 Nb6 23. Re1 Kd7 24. Ng1 Kc6 25. Ngf3 Rd8 26. Re2 Bc5 27. Nd2 Rge8 28. Ne4 Re6 29. Nf5 Bf8 30. Kf1 Kc7 31. Ke1 a5 32. Rd1 Rxd1+ 33. Kxd1 Rc6 34. f3 Nc4 35. g4 Bc5 36. h4 Ba7 37. h5 a4 38. a3 Bb6 39. Kc2 Ba7 40. Re1 Bb6 41. Rd1 Ba7 42. Rd5 Rb6 43. Nd2 Na5 44. Ne4 Nc4 45. Rd1 Rc6 46. Rd3 Bg1 47. Rd5 Rb6 48. Rd1 Be3 49. Rd3 Bg1 50. Nd2 Na5 51. Nh6 Nb7 52. Ne4 Nd6 53. Nxf6 Rc6 54. Nd5+ Kd7 55. Nb4 Rb6 56. Nxf7 Ke6 57. Rxd6+ Rxd6 58. Nxd6 Kxd6 59. Kd3 Bh2 60. Ke4 Bf4 61. Nd3 Bd2 62. Nxe5 h6 63. Nd3 Ke6 64. f4 Kd6 65. Kd4 Kc6 66. c4 1-0

[Event "RUS-chT Men Rapid 2019"]
[Site "Sochi"]
[Date "2019.10.19"]
[Round "7.8"]
[White "Khismatullin, Denis"]
[Black "Savitskiy, Sergey"]
[Result "0-1"]
[ECO "D20"]
[WhiteElo "2611"]
[BlackElo "2407"]
[Annotator "ChessBase"]
[PlyCount "75"]
[EventDate "2019.10.18"]
[EventType "swiss"]
[EventCountry "RUS"]
[SourceTitle "playchess.com"]
[Source "ChessBase"]
[SourceQuality "1"]
[TimeControl "900+10"]

1. d4 d5 2. c4 dxc4 3. e3 e5 4. Bxc4 Nc6 5. Nf3 e4 6. Nfd2 Qg5 7. Nxe4 Qxg2 8. Ng3 Nf6 9. Bf1 Qd5 10. Nc3 Bb4 11. Bd2 Qd8 12. Bg2 O-O 13. O-O Re8 14. Qc2 Ne7 15. Nb5 Bd6 16. Ba5 Nc6 17. Nxd6 Qxd6 18. Bc3 Ne7 19. e4 Qf4 20. Bd2 Qh4 21. Qxc7 Bh3 22. f3 Ng6 23. Bxh3 Qxh3 24. Nf5 Nh5 25. Rac1 h6 26. Qd7 Kh7 27. Qxf7 Rf8 28. Qc7 Rac8 29. Qd6 Rcd8 30. Qb4 Rxf5 31. exf5 Nh4 32. Rf2 Nxf3+ 33. Rxf3 Qxf3 34. Qc3 Qg4+ 35. Kh1 Qe4+ 36. Kg1 Rxd4 37. Qe3 Qd5 38. Rc2 0-1

[Event "RUS-chT Men Rapid 2019"]
[Site "Sochi"]
[Date "2019.10.19"]
[Round "7.10"]
[White "Khegay, Dmitriy"]
[Black "Faizrakhmanov, Ramil"]
[Result "1/2-1/2"]
[ECO "B13"]
[WhiteElo "2509"]
[BlackElo "2434"]
[Annotator "ChessBase"]
[PlyCount "130"]
[EventDate "2019.10.18"]
[EventType "swiss"]
[EventCountry "RUS"]
[SourceTitle "playchess.com"]
[Source "ChessBase"]
[SourceQuality "1"]
[TimeControl "900+10"]

1. e4 c6 2. d4 d5 3. exd5 cxd5 4. Bd3 Nc6 5. c3 Nf6 6. h3 Qc7 7. Nf3 g6 8. O-O Bf5 9. Be2 Bg7 10. Be3 O-O 11. Re1 a6 12. Nbd2 b5 13. Qc1 Ne4 14. Nxe4 Bxe4 15. Nd2 Bf5 16. Nb3 Qc8 17. Nc5 b4 18. Bh6 bxc3 19. bxc3 Bxh6 20. Qxh6 e5 21. Qd2 exd4 22. cxd4 Qd8 23. Bxa6 Ra7 24. Bb5 Na5 25. a4 Qh4 26. Re5 Nc4 27. Bxc4 dxc4 28. Rae1 Raa8 29. Qc3 Rfd8 30. R1e3 Bd3 31. a5 Qf6 32. a6 Qb6 33. Re7 Rd5 34. Re8+ Rxe8 35. Rxe8+ Kg7 36. Re7 Qb1+ 37. Re1 Qb6 38. Ra1 Qa7 39. Qb2 Rd8 40. Qb7 Ra8 41. Ra3 Bf5 42. Qb4 Rb8 43. Qxc4 Rb1+ 44. Kh2 Qc7+ 45. Rg3 Qf4 46. Nd3 Bxd3 47. Qxd3 Ra1 48. Qe3 Qd6 49. f4 Rxa6 50. Rf3 Ra4 51. Qe5+ Qxe5 52. dxe5 h5 53. Kg3 Re4 54. Rc3 Re1 55. Kh4 Re2 56. g3 Rh2 57. Rc7 Re2 58. g4 hxg4 59. hxg4 Re4 60. Kg5 Re2 61. Re7 Re1 62. Ra7 Re2 63. Kh4 Re4 64. Kg3 g5 65. fxg5 Rxe5 1/2-1/2